 Dungeon Crawl Stone Soup version 0.28-a0-1143-gcf6077d4cc (webtiles) character file.

Game seed: 15126935013607098791

507 opoi34 the Chopper (level 6, -21/57 HPs)
             Began as a Minotaur Berserker on Dec 13, 2021.
             Was a Priest of Trog.
             Demolished by an ogre (25 damage)
             ... on level 4 of the Dungeon.
             The game lasted 00:33:17 (2528 turns).

opoi34 the Chopper (Minotaur Berserker)             Turns: 2528, Time: 00:33:23

Health: -21/57     AC: 10    Str: 24    XL:     6   Next: 97%
Magic:  5/5        EV:  4    Int:  4    God:    Trog [***...]
Gold:   109        SH: 10    Dex:  9    Spells: 5/5 levels left

rFire   . . .      SeeInvis .   a - +0 hand axe
rCold   + . .      Faith    .   r - +0 tower shield
rNeg    . . .      Spirit   .   b - +0 chain mail {rC+}
rPois   .          Reflect  .   (helmet restricted)
rElec   .          Harm     .   (no cloak)
rCorr   .          Rampage  .   (no gloves)
Will    .....                   i - +0 pair of boots
Stlth   ..........              (no amulet)
HPRegen 0.19/turn               (no ring)
MPRegen 0.09/turn               (no ring)

@: no status effects
A: horns 2, retaliatory headbutt
a: Renounce Religion, Berserk, Trog's Hand


You were on level 4 of the Dungeon.
You worshipped Trog.
Trog was most pleased with you.
You visited 1 branch of the dungeon, and saw 4 of its levels.
You also visited: Ossuary.

You collected 109 gold pieces.

Inventory:

Hand Weapons
 a - a +0 hand axe (weapon)
Missiles
 c - 9 poisoned darts (quivered)
Armour
 b - a +0 chain mail of cold resistance (worn)
 h - a +0 leather armour
 i - a +0 pair of boots (worn)
 n - a +0 helmet
 r - a +0 tower shield (worn)
Wands
 e - a wand of digging (8)
Scrolls
 g - a scroll of amnesia {unknown}
 k - a scroll of magic mapping {unknown}
 l - a scroll of enchant weapon {unknown}
 m - a scroll of vulnerability {unknown}
 o - 4 scrolls of identify {unknown}
 p - 2 scrolls of teleportation {unknown}
Potions
 d - a potion of might {unknown}
 f - 6 potions of curing {unknown}
 j - a potion of berserk rage {unknown}
 q - 3 potions of degeneration {unknown}
 s - a potion of heal wounds {unknown}
 t - 3 potions of attraction {unknown}
 u - 3 potions of ambrosia {unknown}
 v - a potion of flight {unknown}
 w - a potion of haste {unknown}


   Skills:
 + Level 5.6 Fighting
 + Level 7.1 Axes
 + Level 3.5 Armour
 + Level 3.4 Dodging
 + Level 0.7 Stealth
 + Level 1.3 Shields


You had 5 spell levels left.
You didn't know any spells.
Your spell library contained the following spells:

 Spells                   Type           Power      Damage    Failure   Level
 Magic Dart               Conj           0%         1d3       100%        1
 Searing Ray              Conj           0%         2d4       100%        2
 Fulminant Prism          Conj/Hex       0%         3d6       100%        4


Dungeon Overview and Level Annotations

Branches:
Dungeon (4/15)            Ossuary (visited)
 Temple: D:4-7

Altars:
Vehumet


Innate Abilities, Weirdness & Mutations

You have a pair of horns on your head.
You reflexively headbutt those who attack you in melee.


Message History

There is a gate leading back out of this place here.
Welcome back to the Dungeon!
You hear the sound of rushing water.
There is an entrance to a sewer on this level.
Hurry and find it before the portal rusts away!
You hear the brisk rusting of a very distant drain.
There is a collapsed entrance here.
You open the door.
There is an open door here.
You hear the brisk rusting of a very distant drain.
You open the door.
An ogre comes into view. It is wielding a +0 giant club.
The ogre shouts!
An ogre comes into view. It is wielding a +0 giant club.
There is an open door here.
The ogre shouts!
A goblin comes into view. It is wielding a +0 dagger.
The ogre hits you with a +0 giant club!
The goblin shouts!
You slash the ogre!
The ogre is moderately wounded.
You block the ogre's attack.
You hit the ogre.
The ogre is heavily wounded.
The ogre completely misses you. The ogre hits you with a +0 giant club.
Your shield and chain mail prevent you from hitting the ogre.
The ogre is heavily wounded.
You hit the ogre but do no damage. The ogre hits you with a +0 giant club!
You block the ogre's attack.
You completely miss the ogre. You headbutt the ogre!
The ogre is severely wounded.
You barely miss the ogre. The ogre hits you with a +0 giant club!
* * * LOW HITPOINT WARNING * * *
You block the ogre's attack.
You hit the ogre. Your headbutt misses the ogre.
The ogre is almost dead.
You hit the ogre. You hit the goblin.
You kill the goblin!
Trog accepts your kill.
The ogre hits you with a +0 giant club!!
You die...

....'.# . #.# ....#)#
.# #.# #####.##.##.#.#
#......<#.#
#..#.##.#.# #
#..#.##+#.######.#
#..#.#....#......#
#..#.#....'.....#
#..#.#....#.@...#
#..#.#....#)OO..#
#####..#.#....#.....#
.......#.#....#.....#
###...........#......#
# #...#'#....##......#
# #...#.#....##......#
# #.###.###..######..#
# #.+.....+..#


You could see 2 ogres.

Vanquished Creatures
  Sigmund (D:2)
  A water moccasin zombie (Ossuary)
  Natasha (thrice) (D:3)
  Terence (D:3)
  2 mummies (Ossuary)
  A howler monkey zombie (D:4)
  2 adders (D:3)
  An adder skeleton (D:4)
  9 adder zombies (Ossuary)
  4 worms (D:3)
  2 dart slugs (D:3)
  2 endoplasms (D:1)
  2 gnoll zombies (Ossuary)
  12 goblins
  5 hobgoblins
  13 jackals
  5 kobolds
  A quokka (D:2)
  4 ball pythons
  4 bats
  8 frilled lizards
  8 hobgoblin zombies (Ossuary)
  2 kobold zombies (Ossuary)
  3 orc zombies (Ossuary)
  3 rats (D:1)
99 creatures vanquished.

Notes
Turn   | Place    | Note
-------+----------+-------------------------------------------
     0 | D:1      | opoi34 the Minotaur Berserker began the quest for the Orb.
     0 | D:1      | Reached XP level 1. HP: 19/19 MP: 0/0
   236 | D:1      | Reached XP level 2. HP: 27/27 MP: 1/1
   245 | D:1      | Reached skill level 4 in Axes
   603 | D:1      | Reached ** piety under Trog
   604 | D:1      | Reached XP level 3. HP: 29/33 MP: 2/2
   786 | D:2      | Noticed Sigmund
   799 | D:2      | Killed Sigmund
   800 | D:2      | Reached skill level 5 in Fighting
   800 | D:2      | Reached skill level 5 in Axes
   800 | D:2      | Reached XP level 4. HP: 5/42 MP: 3/3
   800 | D:2      | Reached XP level 5. HP: 6/48 MP: 4/4
  1170 | D:2      | Found a faded altar of an unknown god.
  1386 | D:3      | Noticed Terence
  1395 | D:3      | Killed Terence
  1400 | D:3      | Noticed Natasha
  1412 | D:3      | Killed Natasha
  1413 | D:3      | Reached skill level 6 in Axes
  1428 | D:3      | Reached XP level 6. HP: 44/56 MP: 5/5
  1438 | D:3      | Noticed Natasha
  1450 | D:3      | Killed Natasha
  1647 | D:3      | Noticed Natasha
  1655 | D:3      | Killed Natasha
  1797 | D:3      | Found a radiant altar of Vehumet.
  2230 | D:4      | Found a sand-covered staircase.
  2236 | Ossuary  | Entered an ossuary
  2332 | Ossuary  | Reached *** piety under Trog
  2377 | Ossuary  | Reached skill level 7 in Axes
  2377 | Ossuary  | Reached skill level 1 in Shields
  2528 | D:4      | Demolished by an ogre

Illustrated notes

Levels and vault maps discovered:
D:1:      elethiomel_arrival_infinity_welcomes_careful_drivers,
          layout_loops_cross, hangedman_decor_peaks_small
D:2:      layout_rooms, chequers_ecumenical_altar_island, uniq_sigmund
D:3:      layout_basic, lemuel_crystal_altar, amethyst_overflow_temple_binary,
          nicolae_wormholes, uniq_terence, uniq_natasha
D:4:      layout_basic, mainiacjoe_overflow_surrounded_room,
          nicolae_ru_awakened_eye, portal_sewer_entry_d,
          nicolae_ossuary_entry_plus

Skill      XL: |  1  2  3  4  5  6 |
---------------+-------------------+-----
Fighting       | 4 5 |  5.6
Axes           | 4 5 6 7 |  7.1
Armour         | 3 |  3.5
Dodging        | 3 |  3.4
Shields        | 1 |  1.3
Stealth        | |  0.7

Action                   |  1- 3 |  4- 6 || total
-------------------------+-------+-------++-------
Melee: Hand axe          |    69 |   181 ||   250
       Headbutt          |     6 |    36 ||    42
Invok: Berserk           |     4 |     2 ||     6
 Stab: Sleeping          |     1 |       ||     1
Armor: Animal skin       |    13 |     2 ||    15
       Leather armour    |       |     5 ||     5
       Chain mail        |       |   119 ||   119
       Skin              |       |     2 ||     2
Dodge: Dodged            |    29 |    69 ||    98
Block: Tower shield      |       |    79 ||    79

Table legend: (Time is in decaauts)
 A = Elapsed time spent in this place.
 B = Non-inter-level travel time spent in this place.
 C = Inter-level travel time spent in this place.
 D = Time resting spent in this place.
 E = Time spent auto-exploring this place.
 F = Levels seen in this place.
 G = Mean time per level.
                   A        B        C        D        E       F      G
               +--------+--------+--------+--------+--------+-----+--------+
         Total |   2713 |   2702 |     11 |      0 |     85 |   5 |  542.6 |
       Dungeon |   2447 |   2436 |     11 |      0 |     85 |   4 |  611.8 |
       Ossuary |    266 |    266 |      0 |      0 |      0 |   1 |  266.0 |
               +--------+--------+--------+--------+--------+-----+--------+

Top non-repeatable levels by time:
     D:3: 853 daAuts
     D:1: 774 daAuts
     D:2: 688 daAuts
 Ossuary: 266 daAuts
     D:4: 130 daAuts
